 Dungeon Crawl Stone Soup version 0.23.2-40-g277498a001 (webtiles) character file.

Game seed: 17266598242316483346

9480 H0rd4k the Thaumaturge (level 11, -11/57 HPs)
             Began as a Deep Elf Wizard on Sept 24, 2019.
             Was an Elder of Sif Muna.
             Engulfed by a cloud of flame (24 damage)
             ... on level 11 of the Dungeon on Sept 26, 2019.
             The game lasted 00:58:39 (18696 turns).

H0rd4k the Thaumaturge (Deep Elf Wizard)           Turns: 18696, Time: 00:58:40

Health: -11/57     AC:  2    Str:  6    XL:     11   Next: 23%
Magic:  22/40      EV: 14    Int: 30    God:    Sif Muna [****..]
Gold:   611        SH:  0    Dex: 13    Spells: 17/38 levels left

rFire    . . .     SeeInvis .   (no weapon)
rCold    . . .     Gourm    .   (no shield)
rNeg     . . .     Faith    +   x - +0 robe {MR+}
rPois    .         Spirit   .   a - +0 hat of Exclusion {rCorr Str+2 Int+3}
rElec    .         Reflect  .   (no cloak)
rCorr    +         Harm     .   (no gloves)
MR       ++...                  (no boots)
Stlth    ++++......             y - amulet of faith
HPRegen  0.19/turn              w - ring of magical power
MPRegen  0.27/turn              g - ring of stealth

@: no status effects
A: no striking features
a: Divine Energy, Channel Magic, Forget Spell, Renounce Religion


You were on level 11 of the Dungeon.
You worshipped Sif Muna.
Sif Muna was greatly pleased with you.
You were not hungry.

You visited 2 branches of the dungeon, and saw 12 of its levels.
You also visited: Ossuary.

You collected 611 gold pieces.

Inventory:

Hand Weapons
 k - a +3 falchion of slicing
Armour
 a - the +0 hat of Exclusion (worn) {rCorr Str+2 Int+3}
   (You found it on level 10 of the Dungeon)

   It affects your strength (+2).
   It affects your intelligence (+3).
   It provides partial protection from all sources of acid and corrosion.
 b - a +1 hat
 x - a +0 robe of magic resistance (worn)
Jewellery
 g - a ring of stealth (right hand)
 m - an uncursed amulet of the gourmand
 q - an uncursed ring of ice
 s - an uncursed ring of protection from fire
 w - a ring of magical power (left hand)
 y - an amulet of faith (around neck)
Wands
 E - a wand of paralysis (7)
Scrolls
 e - 5 scrolls of remove curse
 i - 5 scrolls of identify
 j - 2 scrolls of amnesia
 l - 3 scrolls of teleportation
 o - a scroll of enchant weapon
 p - a scroll of enchant armour
 t - a scroll of summoning
 z - a scroll of magic mapping {unknown}
 A - a scroll of fear
 C - a scroll of vulnerability {unknown}
Potions
 c - a potion of curing
 f - a potion of brilliance
 h - a potion of haste
 n - 3 potions of degeneration {unknown}
 r - a potion of lignification {unknown}
 u - a potion of cancellation {unknown}
 v - a potion of magic
 B - a potion of invisibility
Comestibles
 d - 16 rations
 D - a chunk of flesh


   Skills:
 + Level 2.1 Fighting
 + Level 5.0 Dodging
 + Level 5.0 Stealth
 + Level 14.2 Spellcasting
 + Level 10.7 Conjurations
 + Level 0.1 Charms
   Level 1.1 Summonings
 + Level 3.0 Translocations
 + Level 4.5 Fire Magic
 * Level 6.4 Poison Magic


You had 17 spell levels left.
You knew the following spells:

 Your Spells              Type           Power        Failure   Level  Hunger
a - Magic Dart            Conj           ####         1%          1    None
b - Blink                 Tloc           N/A          1%          2    None
c - Conjure Flame         Conj/Fire      ######..     1%          3    None
d - Poison Arrow          Conj/Pois      ######....   11%         6    ####...
e - Sticky Flame          Conj/Fire      ######..     1%          4    None
f - Shroud of Golubria    Chrm/Tloc      ####......   1%          2    None
g - Inner Flame           Hex/Fire       ####....     2%          3    None

Your spell library contained the following spells:

 Spells                   Type           Power        Failure   Level  Hunger
 Flame Tongue             Conj/Fire      #####        1%          1    None
 Throw Flame              Conj/Fire      ######       1%          2    None
 Mephitic Cloud           Conj/Pois/Air  ######..     1%          3    None
 Animate Skeleton         Necr           N/A          2%          1    None
 Infusion                 Chrm           ###.         2%          1    None
 Pain                     Necr           ###.         2%          1    None
 Call Imp                 Summ           ####....     2%          2    None
 Fireball                 Conj/Fire      ######....   2%          5    None
 Slow                     Hex            ###.....     3%          2    None
 Song of Slaying          Chrm           ###.....     3%          2    None
 Regeneration             Chrm/Necr      ###.......   7%          3    None
 Spectral Weapon          Hex/Chrm       ###.....     7%          3    None
 Vampiric Draining        Necr           ###.......   7%          3    None
 Animate Dead             Necr           N/A          22%         4    None
 Chain Lightning          Conj/Air       ######....   100%        8    #######
 Lehudib's Crystal Spear  Conj/Erth      ######....   100%        8    #######
 Fire Storm               Conj/Fire      ######....   100%        9    #######
 Glaciate                 Conj/Ice       ######....   100%        9    #######


Dungeon Overview and Level Annotations

Branches:
Dungeon (11/15)            Temple (1/1) D:7            Lair (0/6) D:10
    Orc (0/2) D:9

Altars:
Ashenzari
Cheibriados
Dithmenos
Elyvilon
Fedhas
Gozag
Hepliaklqana
Kikubaaqudgha
Makhleb
Nemelex Xobeh
Okawaru
Qazlal
Ru
Sif Muna
Trog
Uskayaw
Vehumet
Wu Jian
Xom
Yredelemnul
Zin
The Shining One

Shops:
D:5 (   D:11 %

Annotations:
D:7 1 transporter
D:8 exclusion: downstairs, Harold
D:9 exclusions: cyclops and downstairs


Message History

The sticky flame hits the red ugly thing.
The red ugly thing resists.
The red ugly thing is moderately wounded.
The red ugly thing is engulfed in blazing flames.
The red ugly thing bites you!
You are engulfed in flames!
* * * LOW HITPOINT WARNING * * *
Unknown command.
Casting: Sticky Flame (safe; 1% risk of failure)
Confirm with . or Enter, or press ? or * to list all spells.
You blink.
The red ugly thing is engulfed in blazing flames.
Evoke which item? (* to show all) (? for menu, Esc to quit)
Aiming: Paralyse
Press: ? - help, Shift-Dir - straight line, f/p - red ugly thing
Aim: a red ugly thing (translocational energy, heavily wounded, chance to defeat MR: 28%)
The red ugly thing easily resists.
Casting: Blink (safe; 1% risk of failure)
Confirm with . or Enter, or press ? or * to list all spells.
You blink.
You are engulfed in blazing flames.
You die...

#.............................
#............................#
#............................#
#............................#
#####......######################
........................ #.......
........................ #.......
............§u..§....... #.......
................@....... #.......
######################## ########


You could see a red ugly thing.

Vanquished Creatures
  A two-headed ogre (D:10)
  An ugly thing (D:10)
  2 trolls
  A hippogriff (D:9)
  A wraith (Ossuary)
  A spriggan (D:9)
  A wyvern (D:10)
  2 hungry ghosts
  A soldier ant (D:9)
  An acid dragon (D:10)
  2 water moccasins
  4 ice beasts
  A black bear (D:9)
  2 phantoms
  5 orc warriors
  2 ogres
  2 necrophages (D:11)
  4 sky beasts
  5 centaurs
  3 big kobolds
  3 crocodiles (D:10)
  4 bullfrogs
  2 gnoll sergeants
  4 scorpions
  8 wights
  13 killer bees
  6 howler monkeys
  A bullfrog zombie (D:10)
  3 crimson imps
  3 centaur zombies
  2 jellies
  A bullfrog skeleton (D:7)
  5 hounds
  2 centaur skeletons
  11 orc priests
  8 orc wizards
  A gnoll shaman (D:6)
  Natasha (thrice) (D:2)
  2 iguanas
  Terence (D:2)
  11 worker ants
  2 hound zombies (D:5)
  A hound skeleton (D:6)
  2 howler monkey zombies
  A worker ant zombie (D:6)
  A mummy (Ossuary)
  27 gnolls
  2 howler monkey skeletons
  11 adders
  A shadow imp (D:8)
  An ooze (D:2)
  4 worms
  2 dart slugs
  A leopard gecko (D:1)
  34 orcs
  8 bats
  6 giant cockroaches
  2 gnoll zombies (D:4)
  11 hobgoblins
  24 jackals
  3 quokkas
  A ball python (D:2)
  6 frilled lizards
  6 gnoll skeletons (Ossuary)
  4 goblins
  19 kobolds
  5 kobold skeletons (Ossuary)
  A leopard gecko zombie (D:9)
  14 orc skeletons (Ossuary)
  10 rats
346 creatures vanquished.

Vanquished Creatures (others)
  2 fungi (D:3)
2 creatures vanquished.

Grand Total: 348 creatures vanquished

Notes
Turn   | Place    | Note
-------+----------+-------------------------------------------
     0 | D:1      | H0rd4k the Deep Elf Wizard began the quest for the Orb.
     0 | D:1      | Reached XP level 1. HP: 10/10 MP: 7/7
   329 | D:1      | Reached XP level 2. HP: 14/15 MP: 2/9
   332 | D:1      | Reached skill level 5 in Spellcasting
   821 | D:2      | Reached XP level 3. HP: 19/19 MP: 5/11
  1109 | D:2      | Reached XP level 4. HP: 18/24 MP: 6/13
  1205 | D:2      | Noticed Terence
  1246 | D:2      | Noticed Natasha
  1253 | D:2      | Killed Natasha
  1253 | D:2      | Reached skill level 6 in Spellcasting
  1277 | D:2      | Noticed Natasha
  1286 | D:2      | Killed Natasha
  1409 | D:2      | Noticed Natasha
  1438 | D:2      | Killed Natasha
  1438 | D:2      | Reached XP level 5. HP: 9/28 MP: 9/15
  2195 | D:2      | Learned a level 2 spell: Blink
  2199 | D:2      | Learned a level 3 spell: Conjure Flame
  2297 | D:3      | Found a blossoming altar of Fedhas.
  2649 | D:3      | Reached skill level 7 in Spellcasting
  3003 | D:3      | Found a hazy altar of Hepliaklqana.
  3320 | D:4      | Found a sand-covered staircase.
  3359 | Ossuary  | Entered an ossuary
  3359 | Ossuary  | Noticed a wraith
  3359 | Ossuary  | Noticed a wraith
  3359 | Ossuary  | Noticed a wraith
  3455 | Ossuary  | Reached XP level 6. HP: 32/32 MP: 12/18
  3852 | Ossuary  | Noticed a wraith
  4091 | Ossuary  | Killed a wraith
  4091 | Ossuary  | Reached skill level 8 in Spellcasting
  4564 | D:4      | Reached XP level 7. HP: 32/36 MP: 8/20
  4999 | D:4      | Found a basalt altar of Yredelemnul.
  5171 | D:5      | Entered Level 5 of the Dungeon
  5204 | D:5      | Found Zuimagoz's Weapon Emporium.
  5411 | D:5      | Found a snail-covered altar of Cheibriados.
  5413 | D:5      | Found a bloodstained altar of Trog.
  5455 | D:5      | Found a hide-covered altar of Uskayaw.
  5561 | D:5      | Reached skill level 1 in Fire Magic
  5607 | D:5      | Reached skill level 9 in Spellcasting
  5639 | D:5      | Found a burning altar of Makhleb.
  5718 | D:5      | Found an ancient bone altar of Kikubaaqudgha.
  5909 | D:5      | Reached skill level 5 in Conjurations
  6659 | D:5      | Reached XP level 8. HP: 39/42 MP: 10/23
  6838 | D:5      | Reached skill level 10 in Spellcasting
  8059 | D:6      | Found a glowing silver altar of Zin.
  9656 | D:7      | Reached skill level 11 in Spellcasting
  9666 | D:7      | Learned a level 6 spell: Poison Arrow
  9671 | D:7      | Learned a level 4 spell: Sticky Flame
  9743 | D:7      | Reached XP level 9. HP: 46/46 MP: 14/26
  9831 | D:7      | Reached skill level 1 in Poison Magic
 10009 | D:7      | Found a stormy altar of Qazlal.
 10106 | D:7      | Found a staircase to the Ecumenical Temple.
 10112 | Temple   | Entered the Ecumenical Temple
 10138 | Temple   | Became a worshipper of Sif Muna the Loreminder
 10285 | D:7      | Found a shattered altar of Ashenzari.
 10433 | D:7      | Found a sparkling altar of Nemelex Xobeh.
 10433 | D:7      | Found a transporter.
 10606 | D:8      | Got a bronze scale mail
 10617 | D:8      | Identified the cursed +0 scale mail of the Zebra {rC+} (You
                  | found it on level 8 of the Dungeon)
 10652 | D:8      | Noticed Harold
 11064 | D:8      | Reached skill level 12 in Spellcasting
 11339 | D:9      | Reached * piety under Sif Muna
 11652 | D:10     | Entered Level 10 of the Dungeon
 12312 | D:9      | Noticed a cyclops
 12620 | D:8      | Reached skill level 1 in Fighting
 12659 | D:9      | Reached skill level 5 in Stealth
 12707 | D:9      | Reached ** piety under Sif Muna
 12707 | D:9      | Reached XP level 10. HP: 52/52 MP: 25/28
 12836 | D:9      | Learned a level 2 spell: Shroud of Golubria
 12840 | D:9      | Learned a level 3 spell: Inner Flame
 12873 | D:9      | Reached skill level 13 in Spellcasting
 13313 | D:9      | Found a staircase to the Orcish Mines.
 14705 | D:2      | Killed Terence
 15136 | D:7      | Reached *** piety under Sif Muna
 15807 | D:10     | Reached skill level 5 in Poison Magic
 16454 | D:10     | Reached skill level 10 in Conjurations
 16493 | D:10     | Noticed a brown ugly thing
 16516 | D:10     | Killed a brown ugly thing
 16790 | D:10     | Reached **** piety under Sif Muna
 16790 | D:10     | Reached skill level 5 in Dodging
 16927 | D:10     | Got a twisted hat
 16938 | D:10     | Identified the +0 hat of Exclusion {rCorr Str+2 Int+3} (You
                  | found it on level 10 of the Dungeon)
 17062 | D:10     | Noticed a two-headed ogre
 17078 | D:10     | Killed a two-headed ogre
 17078 | D:10     | Reached skill level 14 in Spellcasting
 17078 | D:10     | Reached XP level 11. HP: 41/57 MP: 18/31
 17371 | D:10     | Found a staircase to the Lair.
 17638 | D:11     | Found Ynothilau's Food Boutique.
 18642 | D:11     | Noticed a red ugly thing
 18696 | D:11     | Engulfed by a cloud of flame

Skill      XL: |  1  2  3  4  5  6  7  8  9 10 11 |
---------------+----------------------------------+-----
Spellcasting   | 5 6 7 8 9 11 12 14 | 14.2
Stealth        | 3 4 5 |  5.0
Conjurations   | 2 3 4 5 7 9 10 | 10.7
Dodging        | 3 4 5 |  5.0
Translocations | 2 3 |  3.0
Fire Magic     | 1 2 4 |  4.5
Poison Magic   | 3 6 |  6.4
Fighting       | 1 2 |  2.1
Charms         | |  0.1
Summonings     | |  1.1

Action                   |  1- 3 |  4- 6 |  7- 9 | 10-12 || total
-------------------------+-------+-------+-------+-------++-------
Melee: Unarmed           |       |       |     2 |       ||     2
 Cast: Magic Dart        |    84 |   278 |   617 |   247 ||  1226
       Conjure Flame     |       |     7 |    46 |    21 ||    74
       Blink             |       |    10 |    10 |     4 ||    24
       Sticky Flame      |       |       |     8 |    82 ||    90
       Shroud of Golubri |       |       |       |     5 ||     5
       Poison Arrow      |       |       |       |     2 ||     2
Evoke: Wand              |       |       |       |     1 ||     1
  Use: Potion            |       |     4 |     2 |     1 ||     7
       Scroll            |       |       |    19 |     1 ||    20
  Eat: Chunk             |       |     7 |    11 |    16 ||    34
       Ration            |       |     1 |     4 |     1 ||     6
Armor: Robe              |     6 |    16 |     9 |     2 ||    33
       Leather armour    |       |       |    35 |    15 ||    50
Dodge: Dodged            |    23 |    57 |   132 |    95 ||   307
